 Dungeon Crawl Stone Soup version 0.31-a0-1009-g454b1f1e0a (webtiles) character file.

Game seed: 6932932480073262166

121 Angani the Grave Robber (level 4, 30/30 HPs)
             Began as a Mummy Necromancer on Nov 13, 2023.
             Quit the game on level 3 of the Dungeon on Nov 14, 2023.
             The game lasted 00:03:53 (2381 turns).

Angani the Grave Robber (Mummy Necromancer)         Turns: 2381, Time: 00:03:53

Health: 30/30      AC:  7    Str: 11    XL:     4   Next: 76%
Magic:  10/10      EV: 11    Int: 16    God:
Gold:   193        SH:  3    Dex: 12    Spells: 8/12 levels left

rFire   x . .        b - +2 dagger (venom)
rCold   + . .        e - +0 buckler
rNeg    + + +        a - +0 robe
rPois   ∞            (no helmet)
rElec   .            (no cloak)
rCorr   .            (no gloves)
SInv    .            h - +0 pair of boots
Will    .....        (no amulet)
Stlth   ++           c - +4 ring of protection
HPRegen 0.25/turn    g - +4 ring of slaying
MPRegen 0.12/turn

%: faith
@: no status effects
A: cold resistance 1, negative energy resistance 3, torment resistance 2, heat
vulnerability 1, in touch with death 1, no potions, faith
a: no special abilities


You were on level 3 of the Dungeon.
You visited 1 branch of the dungeon, and saw 3 of its levels.

You collected 193 gold pieces.

Inventory:

Hand Weapons
 b - a +2 dagger of venom (weapon)
Armour
 a - a +0 robe (worn)
 e - a +0 buckler (worn)
 h - a +0 pair of boots (worn)
Jewellery
 c - a +4 ring of protection (left hand)
 g - a +4 ring of slaying (right hand)
 j - a ring of fire
Wands
 d - a wand of mindburst (11)
 k - a wand of roots (14)
Scrolls
 f - a scroll of fog {unknown}
 i - a scroll of silence {unknown}
 l - a scroll of torment {unknown}


   Skills:
 - Level 1.5 Dodging
 - Level 1.5 Stealth
 + Level 4.8 Spellcasting
 + Level 5.2 Necromancy


You had 8 spell levels left.
You knew the following spells:

 Your Spells              Type           Power      Damage    Failure   Level
a - Necrotise             Necr           100%       1d9       2%          1
b - Vampiric Draining     Necr           30%        2d8       9%          3

Your spell library contained the following spells:

 Spells                   Type           Power      Damage    Failure   Level
 Animate Dead             Necr           30%        N/A       26%         4
 Blink                    Tloc           6%         N/A       34%         2
 Agony                    Necr           30%        N/A       58%         5
 Manifold Assault         Tloc           3%         N/A       92%         4


Dungeon Overview and Level Annotations

Branches:
Dungeon (3/15)

Altars:

Annotations:
D:3 exclusion: gnoll, Sigmund


Innate Abilities, Weirdness & Mutations

You are immune to poison.
Your flesh is cold resistant. (rC+)
You are immune to negative energy. (rN+++)
You are immune to unholy pain and torment.
You are vulnerable to heat. (rF-)
You are in touch with the powers of death.
You do not drink.
You have a special connection with the divine. (Faith)


Message History

An orc is nearby!
Aiming: Necrotise (safe; 2% risk of failure)
Press: ? - help, Q - select action, (/) - cycle Shift-Dir - straight line, f - orc
Aim: an orc, wielding a +0 trident (chance to affect: 93%)
You feel a surge of power!
The orc writhes in agony!
Unknown command.
An orc is nearby!
Aiming: Necrotise (safe; 2% risk of failure)
Press: ? - help, Q - select action, (/) - cycle Shift-Dir - straight line, f/p - orc
Aim: an orc, wielding a +0 trident (almost dead, chance to affect: 93%)
You feel a surge of power!
The orc writhes in agony.
You kill the orc!
The dead are walking!
You swap places.
You now have 183 gold pieces (gained 12).
You see here a +0 trident.
Your orc skeleton crumbles into dust!
You see here 2 boomerangs.
Found a leather armour.
Found a sling.
You see here a +0 sling.
Found a mace.
l - a scroll labelled AVAORACVUEVO
Found 5 stones.
Okay, then.
You see here a +0 mace.
You open the door.
There is an open door here.
You now have 193 gold pieces (gained 10).
k - a wand of roots (14) (gained 10 charges)
You open the door.
There is an open door here.
Found a stone staircase leading down.
Found a stone staircase leading down.
A kobold comes into view.
It is wielding a +0 whip and quivering poisoned darts.
Okay, then.
Level annotation: exclusion: gnoll, Sigmund Welcome back, Angani the Mummy Necromancer.
Press ? for a list of commands and other information.
Are you sure you want to abandon this character and quit the game? (Confirm with "yes".)

.# # ... #. ##.# #. ...
####.##### #>###
#..K...?.# #.#.## #
##...>.##.######....####
.......@...............'
##.....##.######....####
#.#.#. #.# #.#.## # # ##
#.# #.### #.# #.### #.#
#...# ..# #...# .##
#.#.# # ##.###


You could see a kobold (wandering).

Vanquished Creatures
  5 adders
  2 dart slugs (D:1)
  A worm (D:2)
  3 orcs (D:3)
  9 endoplasms
  2 giant cockroaches (D:1)
  3 goblins (D:1)
  2 hobgoblins
  3 jackals (D:2)
  3 quokkas (D:1)
  6 ball pythons
  9 bats
  A frilled lizard (D:1)
  7 kobolds
  7 rats
63 creatures vanquished.

Vanquished Creatures (collateral kills)
  A bat (D:1)
  A jackal (D:2)
2 creatures vanquished.

Grand Total: 65 creatures vanquished

Notes
Turn   | Place    | Note
-------+----------+-------------------------------------------
     0 | D:1      | Angani the Mummy Necromancer began the quest for the Orb.
     0 | D:1      | Reached XP level 1. HP: 13/13 MP: 4/4
   150 | D:1      | Reached XP level 2. HP: 11/19 MP: 0/6
   455 | D:1      | Reached XP level 3. HP: 22/24 MP: 5/8
  1034 | D:2      | Learned a level 3 spell: Vampiric Draining
  1260 | D:2      | Reached XP level 4. HP: 30/30 MP: 10/10
  1290 | D:2      | Reached skill level 5 in Necromancy
  1761 | D:3      | Noticed Sigmund
  1881 | D:3      | Found a faded altar of an unknown god.
  2381 | D:3      | Upgraded the game from 0.31-a0-1008-g5b978dac0e to
                  | 0.31-a0-1009-g454b1f1e0a
  2381 | D:3      | Quit the game

Illustrated notes

Levels and vault maps discovered:
D:1:      evilmike_arrival_plus, layout_rooms, serial_forest,
          infiniplex_forest_clump_tiny, infiniplex_forest_straight_2,
          infiniplex_forest_straight_4, infiniplex_forest_end_2,
          infiniplex_forest_straight_4, infiniplex_forest_clump_curved,
          serial_bayou_pond_c
D:2:      layout_basic, kennysheep_generic_room_8
D:3:      layout_loops_corners, shapermc_ecumenical_altar_pompeii,
          grunt_decor_resistance, chequers_serial_rivers_micro_e,
          amcnicky_mini_pool_small, patterned_corridor, uniq_sigmund

Skill      XL: |  1  2  3  4 |
---------------+-------------+-----
Spellcasting   | 3 4 |  4.8
Necromancy     | 5 |  5.2
Dodging        | |  1.5
Stealth        | |  1.5

Action                     |  1- 3 |  4- 6 || total
---------------------------+-------+-------++-------
  Melee: Dagger            |    40 |    30 ||    70
   Cast: Necrotise         |    40 |    18 ||    58
   Stab: Sleeping          |       |     2 ||     2
 Armour: Robe              |    23 |    16 ||    39
  Dodge: Dodged            |    36 |    12 ||    48
  Block: Buckler           |     3 |     8 ||    11

Table legend: (Time is in decaauts)
 A = Elapsed time spent in this place.
 B = Non-inter-level travel time spent in this place.
 C = Inter-level travel time spent in this place.
 D = Time resting spent in this place.
 E = Time spent auto-exploring this place.
 F = Levels seen in this place.
 G = Mean time per level.
                   A        B        C        D        E       F      G
               +--------+--------+--------+--------+--------+-----+--------+
         Total |   2389 |   2284 |    105 |     32 |   1892 |   3 |  796.3 |
       Dungeon |   2389 |   2284 |    105 |     32 |   1892 |   3 |  796.3 |
               +--------+--------+--------+--------+--------+-----+--------+

Top non-repeatable levels by time:
     D:1: 984 daAuts
     D:2: 754 daAuts
     D:3: 650 daAuts
